 Dungeon Crawl Stone Soup version 0.28.0-47-ge53b351184 (webtiles) character file.

Game seed: 2145820921396673929

32 GigaChad the Digger (level 3, 0/26 HPs)
             Began as a Draconian Earth Elementalist on Apr 26, 2022.
             Slain by Jessica
             ... wielding a +0 club
              (7 damage)
             ... on level 2 of the Dungeon.
             The game lasted 00:03:43 (598 turns).

GigaChad the Digger (Draconian Earth Elementalist)   Turns: 598, Time: 00:03:44

Health: 0/26       AC:  5    Str: 10    XL:     3   Next: 8%
Magic:  2/6        EV: 12    Int: 15    God:
Gold:   5          SH:  0    Dex: 13    Spells: 5/6 levels left

rFire   . . .      SeeInvis .   a - +0 short sword
rCold   . . .      Faith    .   (no shield)
rNeg    . . .      Spirit   .   (armour unavailable)
rPois   .          Reflect  .   (helmet restricted)
rElec   .          Harm     .   (no cloak)
rCorr   .          Rampage  .   (no gloves)
Will    .....                   (no boots)
Stlth   ++........              (no amulet)
HPRegen 0.08/turn               (no ring)
MPRegen 0.10/turn               (no ring)

@: no status effects
A: AC +5, unfitting armour, cold-blooded
a: no special abilities


You were on level 2 of the Dungeon.
You visited 1 branch of the dungeon, and saw 2 of its levels.

You collected 5 gold pieces.

Inventory:

Hand Weapons
 a - a +0 short sword (weapon)
 e - a +0 dagger
Scrolls
 c - a scroll of noise {unknown}
Potions
 d - a potion of curing {unknown}


   Skills:
 + Level 1.9 Dodging
 + Level 1.8 Stealth
 + Level 0.1 Unarmed Combat
 + Level 2.4 Spellcasting
 + Level 1.0 Transmutations
 + Level 3.8 Earth Magic


You had 5 spell levels left.
You knew the following spells:

 Your Spells              Type           Power      Damage    Failure   Level
a - Sandblast             Erth           26%        2d8       4%          1

Your spell library contained the following spells:

 Spells                   Type           Power      Damage    Failure   Level
 Passwall                 Tmut/Erth      7%         N/A       12%         2
 Stone Arrow              Conj/Erth      14%        3d7       28%         3
 Petrify                  Tmut/Erth      9%         N/A       61%         4


Dungeon Overview and Level Annotations

Branches:
Dungeon (2/15)

Altars:

Shops:
D:1 *=:

Annotations:
D:2 Jessica


Innate Abilities, Weirdness & Mutations

Your plain brown scales are hard. (AC +5)
You cannot fit into any form of body armour.
You are cold-blooded and may be slowed by cold attacks.


Message History

You kill the kobold!
Things that are here:
a +0 dagger; a kobold corpse
e - a +0 dagger Jessica the Apprentice Sorceress comes into view.
She is wielding a +0 club.
You miscast Sandblast.
You are very lightly contaminated with residual magic.
Nothing appears to happen.
The blast of sand hits the goblin.
You kill the goblin!
You now have no stones remaining.
Jessica shouts!
You see here 8 gold pieces.
a - a +0 short sword (weapon)
Jessica gestures wildly while chanting.
Jessica blinks!
Found 8 gold pieces.
Your magical contamination has completely faded away.
Jessica hits you but does no damage. Jessica casts a spell at you.
Pain shoots through your body!
Ouch! That really hurt!
You barely miss Jessica.
Jessica casts a spell.
Jessica blinks!
A frilled lizard comes into view.
Jessica casts a spell.
Jessica blinks!
You are too injured to fight recklessly!
You hit Jessica.
Your tail-slap misses Jessica.
Jessica is moderately wounded.
Jessica hits you with a +0 club.
* * * LOW HITPOINT WARNING * * *
You hit Jessica.
Jessica is heavily wounded.
Jessica closely misses you.
You hit Jessica.
Jessica is severely wounded.
Jessica hits you with a +0 club!
You die...

#..l.....
#######........#
#.....#........#
#.....#........#
#.....#........#
# ...........$.
...###..........
#..........#
#..###..@@.###
#........$.<.#
#.####.†...###
#.)...#
@................
#..##########....
. ... .. #


You could see Jessica.

Vanquished Creatures
  2 dart slugs (D:1)
  4 ball pythons
  2 bats (D:1)
  3 endoplasms (D:1)
  4 hobgoblins (D:1)
  2 kobolds
  3 quokkas (D:1)
  A frilled lizard (D:1)
  A goblin (D:2)
  A rat (D:1)
23 creatures vanquished.

Notes
Turn   | Place    | Note
-------+----------+-------------------------------------------
     0 | D:1      | GigaChad the Draconian Earth Elementalist began the quest
                  | for the Orb.
     0 | D:1      | Reached XP level 1. HP: 14/14 MP: 3/3
    54 | D:1      | Found Xotos's Jewellery Boutique.
   147 | D:1      | Reached XP level 2. HP: 20/20 MP: 3/5
   197 | D:1      | Found Wuirax's Assorted Antiques.
   465 | D:1      | Found Dys Mepnus's Book Emporium.
   471 | D:1      | Reached XP level 3. HP: 26/26 MP: 4/6
   578 | D:2      | Noticed Jessica
   598 | D:2      | Slain by Jessica

Illustrated notes

Levels and vault maps discovered:
D:1:      lemuel_arrival_river_passageway, layout_loops_cross, serial_shops,
          nicolae_shop_waterfront, nicolae_shop_competitors_out_of_business,
          shop, shop
D:2:      layout_basic, shapermc_ecumenical_altar_mp_urbaneastern, uniq_terence,
          uniq_sigmund, uniq_jessica

Action                   || total
-------------------------++-------
Melee: Unarmed           ||     9
       Short sword       ||     4
 Cast: Sandblast         ||    30
  Use: Scroll            ||     1
Armor: Skin              ||     4
Dodge: Dodged            ||    12
